AoeStats
← VadoseGoblin

Arabia

507985335Analyzed
1v1 RM · 13d ago on Sep 20, 2026· 27m 35s· 2 players
Game mode
Random Map
Map size
Tiny (2 player)
Population
200
Speed
Normal
Resources
Standard
Victory
Conquest
Starting age
Dark Age
Ending age
Imperial Age
RankedLock teamsTeams togetherTeam positionsShared explorationLock speedFull tech treeHidden civsTurbo modeCheats
Victory
Defeat
🇺🇸 Britons · United States
1029
+15
🇨🇳 Romans · China
1011
-15
59351599
7:07 Loom
9:59 Feudal Age
10:04 Man-at-Arms
12:10 Scale Mail Armor
23:25 Castle Age
VadoseGoblin
6:45 Loom
9:05 Feudal Age
9:56 Double-Bit Axe
10:12 Horse Collar
10:46 Gold Mining
14:46 Wheelbarrow
18:20 Fletching
19:20 Padded Archer Armor
24:36 Castle Age
23:52 Scale Barding Armor
23:58 Forging
25:01 Stone Mining
25:53 Bodkin Arrow
25:20 Crossbowman
25:21 Elite Skirmisher
26:04 Husbandry
27:58 Bow Saw
27:49 Heavy Plow
28:25 Gold Shaft Mining
Connection lost

Rejoining the realm…

Still unreachable

The connection could not be restored.

Session expired

The server has moved on; the page needs a fresh start.